 Dungeon Crawl Stone Soup version 0.29-a0-1014-ga8c0faee3b (webtiles) character file.

Game seed: 15054420637195809422

504 BritishOli the Slasher (level 6, -10/48 HPs)
             Began as a Demonspawn Gladiator on Aug 9, 2022.
             Was a Follower of Okawaru.
             Engulfed by a steam dragon's steam (11 damage)
             ... on level 7 of the Dungeon.
             The game lasted 00:03:28 (4036 turns).

BritishOli the Slasher (Demonspawn Gladiator)       Turns: 4036, Time: 00:03:29

Health: -10/48     AC:  7    Str: 16    XL:     6   Next: 96%
Magic:  6/6        EV: 16    Int: 10    God:    Okawaru [*.....]
Gold:   209        SH:  0    Dex: 14    Spells: 5/5 levels left

rFire   . . .      SeeInvis .   a - +0 long sword
rCold   . . .      Faith    .   (no shield)
rNeg    . . .      Spirit   .   v - +0 ring mail
rPois   +          Reflect  .   (helmet restricted)
rElec   .          Harm     .   b - +0 cloak
rCorr   .          Rampage  .   q - +0 pair of gloves
Will    .....                   (no boots)
Stlth   +.........              (no amulet)
HPRegen 0.16/turn               g - +4 ring of evasion
MPRegen 0.10/turn               p - ring of poison resistance

@: no status effects
A: horns 2, demonic touch 1
a: Renounce Religion, Heroism


You were on level 7 of the Dungeon.
You worshipped Okawaru.
Okawaru was aware of your devotion.
You visited 1 branch of the dungeon, and saw 5 of its levels.

You collected 209 gold pieces.

Inventory:

Hand Weapons
 a - a +0 long sword (weapon)
Missiles
 d - 3 throwing nets (quivered)
 e - 4 javelins
Armour
 b - a +0 cloak (worn)
 q - a +0 pair of gloves (worn)
 v - a +0 ring mail (worn)
Jewellery
 g - a +4 ring of evasion (left hand)
 p - a ring of poison resistance (right hand)
Wands
 t - a wand of charming (5)
 y - a wand of mindburst (15)
Scrolls
 f - a scroll of immolation {unknown}
 h - 2 scrolls of noise {unknown}
 m - a scroll of poison {unknown}
 o - a scroll of vulnerability {unknown}
 r - 2 scrolls of blinking {unknown}
 u - a scroll of torment {unknown}
 w - 3 scrolls of butterflies {unknown}
 x - a scroll of teleportation {unknown}
 z - a scroll of identify {unknown}
Potions
 c - 2 potions of berserk rage {unknown}
 i - 4 potions of heal wounds {unknown}
 j - a potion of lignification {unknown}
 k - a potion of brilliance {unknown}
 l - 2 potions of might {unknown}
 n - 4 potions of mutation {unknown}
 s - 3 potions of curing {unknown}


   Skills:
 + Level 3.8 Fighting
 * Level 4.7 Long Blades
 - Level 2.4 Throwing
 + Level 2.3 Armour
 + Level 4.0 Dodging


You had 5 spell levels left.
You didn't know any spells.
Your spell library contained the following spells:

 Spells                   Type           Power      Damage    Failure   Level
 Dazzling Flash           Conj/Hex       0%         N/A       91%         3
 Agony                    Necr           0%         N/A       100%        5
 Silence                  Hex/Air        0%         N/A       100%        5


Dungeon Overview and Level Annotations

Branches:
Dungeon (7/15)
 Temple: D:4-7

Altars:
Gozag
Kikubaaqudgha
Okawaru

Shops:
D:3 *


Innate Abilities, Weirdness & Mutations

You have a pair of horns on your head.
Your touch may inflict minor irresistible damage on your foes.


Message History

You slash the orc!
You kill the orc!
Okawaru accepts your kill. The orc closely misses you.
Items here: $ ))) / ? [[.
You hit the orc.
The orc is heavily wounded.
The orc hits you but does no damage.
You closely miss the orc. Your headbutt misses the orc.
The orc is heavily wounded.
The orc barely misses you.
You hit the orc. You headbutt the orc.
You kill the orc!
Okawaru accepts your kill.
The steam dragon bites you but does no damage.
The steam dragon closely misses you.
Items here: ! $ ( ) [ †.
You slash the steam dragon! You headbutt the steam dragon.
You touch the steam dragon.
The steam dragon is heavily wounded.
The steam dragon misses you.
The steam dragon claws you but does no damage.
You hit the steam dragon but do no damage.
Your touch misses the steam dragon. Your punch misses the steam dragon.
The steam dragon is heavily wounded.
The steam dragon breathes steam at you. The ball of steam hits you!
You hear a shout! x2
You hit the steam dragon. Your headbutt misses the steam dragon.
The steam dragon is severely wounded.
You are engulfed in a cloud of scalding steam.
* * * LOW HITPOINT WARNING * * *
The steam dragon bites you.
* * * LOW HITPOINT WARNING * * *
The steam dragon claws you but does no damage.
Unknown command.
You closely miss the steam dragon.
You touch the steam dragon!
The steam dragon is almost dead.
You are engulfed in a cloud of scalding steam.
You die...

#.....##.#### #.
#........# . #.
#......#### .. ##
#......#..# ... #
#......#..# .... #
#......#..####......
#
######.......'......
# ####.#D##...... ..
########.#@# ....
### .........#§#
.....
.........§§##.o...o
............)......
........####.......
........# .......
........# .#+####
........# .#
#####.### .#


You could see a steam dragon.

Vanquished Creatures
  A centaur (D:7)
  A kobold brigand (D:7)
  2 wights (D:7)
  A hound (D:7)
  An iguana (D:7)
  An orc wizard (D:7)
  5 adders
  A shadow imp (D:7)
  3 worms
  A dart slug (D:2)
  17 orcs
  A bat (D:1)
  7 endoplasms
  3 giant cockroaches
  5 goblins
  6 hobgoblins
  3 jackals (D:2)
  14 kobolds
  2 quokkas
  8 ball pythons
  4 frilled lizards
  4 rats
91 creatures vanquished.

Vanquished Creatures (others)
  26 plants (D:3)
26 creatures vanquished.

Grand Total: 117 creatures vanquished

Notes
Turn   | Place    | Note
-------+----------+-------------------------------------------
     0 | D:1      | BritishOli the Demonspawn Gladiator began the quest for the
                  | Orb.
     0 | D:1      | Reached XP level 1. HP: 16/16 MP: 1/1
   470 | D:1      | Discovered your monstrous ancestry.
   470 | D:1      | Gained mutation: You have a pair of small horns on your
                  | head. [demonic ancestry]
   470 | D:1      | Reached XP level 2. HP: 19/22 MP: 2/2
  1080 | D:2      | Reached XP level 3. HP: 17/28 MP: 3/3
  1957 | D:3      | Reached XP level 4. HP: 26/34 MP: 4/4
  2425 | D:3      | Found an ancient bone altar of Kikubaaqudgha.
  2483 | D:3      | Found an iron altar of Okawaru.
  2496 | D:3      | Became a worshipper of Warmaster Okawaru
  2720 | D:3      | Found an opulent altar of Gozag.
  3131 | D:3      | Found Plog's General Store.
  3213 | D:3      | Gained mutation: Your touch may inflict minor irresistible
                  | damage on your foes. [demonic ancestry]
  3213 | D:3      | Reached XP level 5. HP: 41/41 MP: 5/5
  3300 | D:3      | Reached skill level 1 in Armour
  3383 | D:4      | You fall into a shaft and drop 3 floors!
  3791 | D:7      | Gained mutation: You have a pair of horns on your head.
                  | [demonic ancestry]
  3791 | D:7      | Reached XP level 6. HP: 28/47 MP: 6/6
  4009 | D:7      | Noticed a steam dragon
  4025 | D:7      | Reached * piety under Okawaru
  4035 | D:7      | HP: 1/48 [steam dragon (5)]
  4036 | D:7      | Engulfed by a steam dragon's steam

Illustrated notes

Levels and vault maps discovered:
D:1:      sevenhm_arrival_forest_fort_small_5, layout_basic
D:2:      layout_loops_ring, serial_forest, infiniplex_forest_straight_2,
          infiniplex_forest_lined_room_2, infiniplex_forest_lined_ring,
          infiniplex_forest_lined_2, kennysheep_generic_room_10
D:3:      minmay_bubble_buster, layout_basic, lemuel_crystal_altar,
          amcnicky_altar_gilded, mainiacjoe_overflow_chevrons, zin_statuary,
          serial_shops, shop_fountains, serial_bayou_lagoon_a,
          kennysheep_generic_room_8
D:4:      black_bear_nest_2, layout_loops_corners,
          nicolae_yredelemnul_corpse_copse, lemuel_coloured_pillars_altar,
          nicolae_hexahallways
D:7:      layout_basic

Skill      XL: |  1  2  3  4  5  6 |
---------------+-------------------+-----
Throwing       | 2 |  2.4
Long Blades    | 3 4 |  4.7
Dodging        | 3 4 |  4.0
Fighting       | 3 |  3.8
Armour         | 1 2 |  2.3

Action                   |  1- 3 |  4- 6 || total
-------------------------+-------+-------++-------
Melee: Long sword        |   109 |   163 ||   272
       Headbutt          |    16 |    24 ||    40
       Punch             |     1 |     1 ||     2
       Touch             |       |     9 ||     9
Armor: Leather armour    |    29 |     2 ||    31
       Ring mail         |       |    57 ||    57
Dodge: Dodged            |    88 |   160 ||   248

Table legend: (Time is in decaauts)
 A = Elapsed time spent in this place.
 B = Non-inter-level travel time spent in this place.
 C = Inter-level travel time spent in this place.
 D = Time resting spent in this place.
 E = Time spent auto-exploring this place.
 F = Levels seen in this place.
 G = Mean time per level.
                   A        B        C        D        E       F      G
               +--------+--------+--------+--------+--------+-----+--------+
         Total |   4114 |   4051 |     63 |    443 |   2960 |   5 |  822.8 |
       Dungeon |   4114 |   4051 |     63 |    443 |   2960 |   5 |  822.8 |
               +--------+--------+--------+--------+--------+-----+--------+

Top non-repeatable levels by time:
     D:3: 1458 daAuts
     D:2: 1086 daAuts
     D:1: 894 daAuts
     D:7: 664 daAuts
     D:4: 11 daAuts
